 Dungeon Crawl Stone Soup version 0.29-a0-270-g1586fc07ea (webtiles) character file.

Game seed: 624983118211192492

342 garek482 the Chopper (level 6, -6/56 HPs)
             Began as a Hill Orc Abyssal Knight on Mar 7, 2022.
             Was a Priest of Lugonu.
             Asphyxiated
             ... on level 4 of the Dungeon.
             The game lasted 00:25:05 (4326 turns).

garek482 the Chopper (Hill Orc Abyssal Knight)      Turns: 4326, Time: 00:25:08

Health: -6/56      AC: 12    Str: 18    XL:     6   Next: 57%
Magic:  7/8        EV:  9    Int: 10    God:    Lugonu [***...]
Gold:   141        SH:  0    Dex: 11    Spells: 5/5 levels left

rFire   . . .      SeeInvis .   a - +1 hand axe
rCold   . . .      Faith    .   (no shield)
rNeg    . . .      Spirit   .   d - +0 plate armour
rPois   .          Reflect  .   (no helmet)
rElec   .          Harm     .   v - +0 cloak
rCorr   .          Rampage  .   (no gloves)
Will    .....                   (no boots)
Stlth   ..........              (no amulet)
HPRegen 0.18/turn               t - +4 ring of evasion
MPRegen 0.11/turn               (no ring)

@: lethally poisoned (-6 -> -27), slowed, very slow
A: no striking features
a: Renounce Religion, Depart the Abyss, Bend Space, Banish


You were on level 4 of the Dungeon.
You worshipped Lugonu.
Lugonu was most pleased with you.
You visited 1 branch of the dungeon, and saw 4 of its levels.
You visited the Abyss 1 time.

You collected 141 gold pieces.

Inventory:

Hand Weapons
 a - a +1 hand axe (weapon)
 b - a +0 trident
 g - a +0 dagger
 l - a +0 rapier
 p - a +0 quarterstaff
 r - a +0 falchion
 u - a +1 mace of protection
Missiles
 c - 74 stones (quivered)
Armour
 d - a +0 plate armour (worn)
 v - a +0 cloak (worn)
 y - a +0 helmet
Magical Staves
 o - a staff of fire
Jewellery
 t - a +4 ring of evasion (left hand)
Wands
 h - a wand of mindburst (15)
 w - a wand of charming (9)
Scrolls
 j - 2 scrolls of teleportation
 k - 3 scrolls of noise
 q - a scroll of magic mapping
 s - a scroll of immolation
Potions
 e - a potion of flight {unknown}
 f - a potion of heal wounds {unknown}
 i - a potion of ambrosia
 m - a potion of resistance
 n - a potion of lignification {unknown}
 x - a potion of curing {unknown}


   Skills:
 + Level 5.3 Fighting
 + Level 5.5 Axes
 + Level 1.7 Throwing
 + Level 4.0 Armour
 + Level 0.8 Dodging
 + Level 3.0 Invocations


You had 5 spell levels left.
You didn't know any spells.
Your spell library was empty.

Dungeon Overview and Level Annotations

Branches:
Dungeon (4/15)
 Temple: D:4-7

Altars:
Ru


Message History

The sky beast hits you but does no damage.
You hit the sky beast.
The sky beast is moderately wounded.
The sky beast flickers out of sight!
Deactivating autopickup; reactivate with Ctrl-A.
Something hits you but does no damage.
You closely miss something. Something hits you. Something shocks you.
You closely miss something. Something hits you but does no damage.
You miss something. Something hits you but does no damage.
You hit something.
The kobold brigand throws a curare-tipped dart.
The curare-tipped dart hits you.
You are poisoned.
You have difficulty breathing.
You feel yourself slow down. Something hits you but does no damage.
You closely miss something.
You feel very sick.
The kobold brigand throws a curare-tipped dart.
The curare-tipped dart hits you.
You are more poisoned.
You have difficulty breathing.
You feel as though you will be slow longer.
Something hits you but does no damage. Something hits you.
Something shocks you.
* * * LOW HITPOINT WARNING * * *
Press: ? - help, Shift-Dir - straight line, f - kobold brigand
Aim: a kobold brigand, wielding a +0 whip and quivering curare-tipped darts (chance to affect: 81%)
You fail to use your ability.
* * * LOW HITPOINT WARNING * * *
You feel very sick. Something hits you but does no damage.
The kobold brigand throws a curare-tipped dart.
Space bends around you!
You blink.
* * * LOW HITPOINT WARNING * * *
You feel very sick.
The kobold brigand throws a curare-tipped dart.
The curare-tipped dart hits you.
You are more poisoned.
You have difficulty breathing.
You die...

...# .....# .
#..##.8.# ...
#..#...#....
#..........
#K...#
####{####
##...ยง#
#.....#
##...@.#
#......#
#......#
#......#
.##.#.#)######
.............#
.####........#
# # #........#
##
.............#


You could see a kobold brigand.

Vanquished Creatures
  A sky beast (D:3)
  Blork the orc (D:4)
  Jessica (D:2)
  An orc wizard (D:4)
  An iguana (D:4)
  Robin (D:4)
  3 worms
  3 dart slugs
  5 orcs
  9 ball pythons
  2 bats
  2 endoplasms
  3 giant cockroaches
  13 goblins
  17 hobgoblins
  3 jackals (D:4)
  7 kobolds
  3 frilled lizards
  3 rats
79 creatures vanquished.

Vanquished Creatures (others)
  A fungus (D:3)
  4 plants (D:3)
5 creatures vanquished.

Grand Total: 84 creatures vanquished

Notes
Turn   | Place    | Note
-------+----------+-------------------------------------------
     0 | Abyss:1  | garek482 the Hill Orc Abyssal Knight began the quest for
                  | the Orb.
     0 | Abyss:1  | Reached XP level 1. HP: 19/19 MP: 2/2
     9 | D:1      | Escaped the Abyss
   255 | D:1      | Reached XP level 2. HP: 18/27 MP: 4/4
   944 | D:1      | Reached XP level 3. HP: 34/34 MP: 5/5
  1195 | D:1      | Found a faded altar of an unknown god.
  1403 | D:2      | Noticed Jessica
  1416 | D:2      | Killed Jessica
  1417 | D:2      | Reached XP level 4. HP: 9/41 MP: 6/6
  1835 | D:2      | Reached *** piety under Lugonu
  2480 | D:3      | Reached skill level 1 in Throwing
  2875 | D:3      | Noticed a sky beast
  2902 | D:3      | Killed a sky beast
  2903 | D:3      | Reached XP level 5. HP: 23/47 MP: 7/7
  3161 | D:3      | Found a sacrificial altar of Ru.
  3651 | D:4      | Noticed Blork the orc
  3672 | D:4      | Killed Blork the orc
  3673 | D:4      | Reached skill level 5 in Fighting
  3673 | D:4      | Reached skill level 5 in Axes
  3673 | D:4      | Reached XP level 6. HP: 30/56 MP: 8/8
  3944 | D:4      | Noticed Robin
  3971 | D:4      | Killed Robin
  4306 | D:4      | Noticed a sky beast
  4326 | D:4      | HP: 2/56 [poisoned by a kobold brigand (curare-tipped
                  | dart)]
  4326 | D:4      | Asphyxiated

Illustrated notes

Levels and vault maps discovered:
D:1:      dpeg_arrival_rooms_b, layout_basic, nicolae_ecumenical_lake_church,
          nicolae_figureground_sparkle
D:2:      layout_basic, uniq_jessica
D:3:      layout_basic, nicolae_ru_the_path_less_chosen
D:4:      layout_basic, minmay_temple_entry_waves, minmay_tree_intersection,
          minmay_puff, uniq_blork_the_orc, uniq_robin

Skill      XL: |  1  2  3  4  5  6 |
---------------+-------------------+-----
Fighting       | 4 5 |  5.3
Axes           | 3 4 5 |  5.5
Throwing       | 1 |  1.7
Armour         | 3 4 |  4.0
Invocations    | 3 |  3.0
Dodging        | |  0.8

Action                   |  1- 3 |  4- 6 || total
-------------------------+-------+-------++-------
Melee: Hand axe          |    85 |   188 ||   273
       Punch             |     2 |     2 ||     4
Throw: Stone             |    49 |    65 ||   114
Invok: Bend Space        |       |     4 ||     4
  Use: Scroll            |     2 |     5 ||     7
       Potion            |     2 |       ||     2
Armor: Plate armour      |    55 |   121 ||   176
Dodge: Dodged            |    18 |    65 ||    83

Table legend: (Time is in decaauts)
 A = Elapsed time spent in this place.
 B = Non-inter-level travel time spent in this place.
 C = Inter-level travel time spent in this place.
 D = Time resting spent in this place.
 E = Time spent auto-exploring this place.
 F = Levels seen in this place.
 G = Mean time per level.
                   A        B        C        D        E       F      G
               +--------+--------+--------+--------+--------+-----+--------+
         Total |   4342 |   4265 |     77 |    818 |   1675 |   5 |  868.4 |
       Dungeon |   4333 |   4256 |     77 |    818 |   1675 |   4 | 1083.2 |
         Abyss |      9 |      9 |      0 |      0 |      0 |   1 |    9.0 |
               +--------+--------+--------+--------+--------+-----+--------+

Top non-repeatable levels by time:
     D:3: 1260 daAuts
     D:1: 1233 daAuts
     D:2: 1152 daAuts
     D:4: 687 daAuts
 Abyss:1: 9 daAuts
